Map: Port Aleksander LE

Players

Creed - Winner!

  • Race: Terran Terran
  • Spawn Location: 11:00

HydraOrc

  • Race: Protoss Protoss
  • Spawn Location: 5:00

Event: 2019 WCS Spring

VOD

Have the link to the VOD?

Description

Time

  • Played on: May 17, 2019, 8:59 a.m.
  • Length: 11:11

All games in this series

Show
View Real Time Build Order
Export as new Build Order

Creed Terran - Winner!

Build Orders: Reaper Expand 

Get SALT Encoding   

  12  0:00  SCV  
  13  0:12  SCV  
  14  0:18  Supply Depot  
  14  0:25  SCV  
  15  0:39  SCV  
  15  0:40  Barracks  
  16  0:45  Refinery  
  16  0:52  SCV  
  17  1:04  SCV  
  18  1:16  SCV  
  19  1:28  Orbital Command  
  19  1:29  Reaper  
  20  1:41  Refinery  
  20  1:54  Command Center  
  20  1:56  SCV  
  21  2:03  Barracks Reactor  
  21  2:08  SCV  
  22  2:11  Supply Depot  
  22  2:19  Barracks  
  22  2:20  SCV  
  23  2:32  SCV  
  23  2:34  Barracks  
  24  2:39  Marine x2  
  26  2:45  SCV  
  27  2:57  SCV, Marine x2  
  29  3:10  Orbital Command  
  29  3:12  SCV  
  30  3:13  Barracks Tech Lab  
  30  3:18  Marine  
  30  3:22  Barracks Tech Lab  
  30  3:24  SCV  
  30  3:27  Marine  
  31  3:31  Stimpack  
  31  3:32  Marauder  
  34  3:35  Marine  
  34  3:40  SCV x2  
  37  3:43  Supply Depot  
  37  3:45  Marauder  
  37  3:47  Combat Shield  
  39  3:54  SCV x2, Marine  
  39  3:55  Marine  
  42  3:59  Marauder  
  42  4:02  Refinery  
  44  4:06  SCV  
  44  4:09  Marauder  
  47  4:14  Engineering Bay, Supply Depot  
  47  4:16  SCV  
  48  4:17  Marine  
  48  4:19  Marine  
  48  4:22  Marauder  
  52  4:28  Supply Depot  
  52  4:30  SCV x2  
  54  4:36  Marauder  
  54  4:37  Supply Depot  
  56  4:40  Supply Depot  
  56  4:43  Terran Infantry Weapons Level 1  
  56  4:44  Marine  
  56  4:45  Marine  
  58  4:50  Marauder  
  58  4:52  SCV  
  61  4:53  SCV  
  61  4:59  Marine  
  63  5:05  Marine, Factory, Refinery  
  63  5:06  Marine  
  65  5:07  SCV  
  65  5:09  SCV  
  65  5:12  Marauder  
  69  5:15  Concussive Shells  
  69  5:19  SCV, Supply Depot  
  70  5:21  SCV  
  70  5:23  Marauder  
  70  5:25  Marine x2  
  74  5:48  Marauder x2, Marine x2  
  74  5:52  SCV x2  
  74  5:53  Starport, Factory Reactor  
  72  6:02  Command Center  
  72  6:07  SCV x2  
  72  6:10  Marauder, Marine x2  
  72  6:11  Marauder, Refinery  
  80  6:17  Supply Depot  
  80  6:19  SCV  
  81  6:33  SCV x2, Marine  
  81  6:34  Marauder x2, Marine  
  81  6:36  Factory Reactor  
  81  6:37  Medivac, Terran Infantry Armor Level 1  
  91  6:40  Supply Depot  
  91  6:43  Medivac  
  91  6:44  Supply Depot  
  91  6:46  SCV x2  
  95  6:53  Barracks  
  95  6:56  Barracks  
  95  6:57  Marine x2  
  95  7:00  SCV x2  
  99  7:04  Marauder x2  
  103  7:09  Medivac  
  103  7:12  Widow Mine  
  103  7:13  Medivac  
  103  7:14  Widow Mine  
  111  7:22  Missile Turret, Marine x2  
  113  7:23  Orbital Command  
  113  7:28  Marauder  
  115  7:30  Marauder  
  115  7:35  Widow Mine  
  115  7:36  SCV  
  120  7:37  SCV  
  120  7:39  Medivac  
  120  7:40  Widow Mine  
  120  7:41  Barracks Reactor  
  120  7:43  Barracks Tech Lab  
  110  8:00  Orbital Command, Marine x3  
  110  8:01  Marauder  
  110  8:02  Widow Mine  
  110  8:03  Medivac  
  119  8:08  Widow Mine  
  119  8:09  Medivac  
  123  8:13  Ghost Academy  
  123  8:15  Supply Depot  
  123  8:16  Supply Depot  
  123  8:19  Marauder  
  125  8:22  Marine  
  125  8:23  Marauder  
  125  8:26  Marine, Widow Mine  
  125  8:27  SCV, Marine  
  133  8:36  SCV, Widow Mine, Marauder  
  136  8:45  SCV x2  
  137  8:49  Armory  
  137  8:51  Marauder, Marine  
  137  8:52  Engineering Bay  
  128  9:00  Marauder, Marine x4  
  128  9:02  Medivac x2  
  135  9:04  Widow Mine x2  
  135  9:09  Marine  
  138  9:13  Marauder  
  135  9:18  Marauder  
  135  9:19  Marine  
  135  9:22  Marauder  
  121  9:26  Widow Mine x2  
  109  9:33  SCV x2  
  109  9:36  Marine x3  
  109  9:37  Marauder, Marine  
  99  9:40  Marauder  
  99  9:43  Marauder  
  102  9:51  SCV  
  102  9:52  SCV  
  99  9:54  Marine x2  
  99  9:55  Medivac x2  
  99  9:56  Orbital Command  
  99  9:58  Marauder  
  107  10:05  Marine  
  107  10:06  Marauder  
  109  10:08  SCV  
  109  10:13  Marine x3  
  105  10:14  Marauder  
  105  10:15  SCV  
  105  10:20  SCV  
  107  10:23  SCV  
  107  10:27  SCV, Marine x2  
  111  10:32  SCV  
  111  10:34  Marine x3  
  111  10:35  SCV  
  116  10:39  SCV  
  117  10:44  SCV, Marine  
  117  10:45  Marauder, Marine  
  117  10:47  SCV  
  123  10:51  SCV  
  123  10:57  SCV  
  125  10:59  SCV  
Show
View Real Time Build Order
Export as new Build Order

HydraOrc Protoss 

Build Orders: 1 Gate Expand, Zealot Archon 

Get SALT Encoding   

  12  0:00  Probe  
  13  0:12  Probe  
  14  0:19  Pylon  
  14  0:24  Probe  
  15  0:33  Probe  
  15  0:40  Gateway  
  15  0:42  Probe  
  16  0:43  Assimilator  
  17  0:53  Probe  
  18  1:05  Probe  
  19  1:24  Nexus  
  19  1:33  Cybernetics Core  
  19  1:37  Probe  
  20  1:44  Pylon  
  20  1:52  Probe  
  21  1:59  Stalker  
  21  2:04  Probe  
  22  2:09  Warp Gate  
  22  2:13  Assimilator  
  24  2:15  Probe  
  24  2:20  Shield Battery  
  25  2:23  Probe  
  26  2:31  Probe  
  26  2:33  Probe  
  26  2:34  Sentry  
  30  2:42  Probe x2  
  31  2:47  Shield Battery  
  32  2:56  Probe  
  32  2:59  Adept  
  32  3:00  Probe  
  33  3:11  Probe  
  33  3:12  Probe  
  34  3:19  Probe  
  34  3:24  Probe  
  34  3:26  Twilight Council  
  36  3:27  Probe  
  37  3:36  Probe  
  37  3:39  Probe  
  39  3:45  Gateway  
  39  3:48  Probe  
  39  3:49  Charge, Probe  
  41  3:56  Gateway  
  41  3:59  Probe  
  41  4:01  Probe  
  43  4:12  Probe  
  44  4:20  Nexus  
  44  4:22  Probe  
  45  4:26  Probe  
  45  4:27  Pylon  
  46  4:32  Assimilator  
  46  4:34  Assimilator  
  46  4:38  Pylon  
  46  4:45  Sentry, Probe x2  
  48  4:46  Zealot  
  52  4:53  Pylon  
  52  4:57  Probe x2  
  54  5:01  Gateway  
  54  5:03  Gateway  
  54  5:09  Probe  
  54  5:10  Probe  
  54  5:11  Zealot x2, Pylon  
  60  5:15  Zealot  
  62  5:21  Probe  
  62  5:22  Pylon  
  62  5:27  Probe  
  64  5:28  Probe  
  64  5:31  Forge  
  65  5:35  Zealot  
  65  5:36  Zealot  
  65  5:40  Zealot  
  57  5:54  Zealot x2  
  57  5:55  Zealot  
  55  6:01  Zealot  
  55  6:06  Probe x3  
  55  6:08  Protoss Ground Weapons Level 1  
  54  6:12  Templar Archives  
  54  6:17  Probe  
  54  6:18  Probe x2  
  57  6:20  Pylon  
  57  6:22  Sentry x2  
  57  6:23  Zealot x2  
  65  6:27  Probe  
  65  6:29  Probe  
  65  6:30  Probe  
  68  6:35  Probe  
  68  6:37  Probe  
  69  6:42  Probe  
  69  6:44  Gateway  
  69  6:45  Probe, Gateway  
  71  6:47  Probe  
  71  6:51  High Templar  
  71  6:52  High Templar x3  
  81  6:55  Probe  
  81  6:56  Pylon, Archon x2  
  81  6:58  High Templar  
  81  6:59  Probe  
  81  7:00  Probe  
  86  7:07  Probe  
  86  7:08  Pylon  
  87  7:10  Robotics Facility  
  87  7:12  Photon Cannon  
  87  7:16  Pylon  
  87  7:22  Pylon  
  87  7:23  Pylon  
  87  7:25  Pylon  
  87  7:28  High Templar, Gateway  
  87  7:29  Zealot, Gateway  
  91  7:32  Archon  
  91  7:38  Zealot x3  
  97  7:44  Zealot x2  
  97  7:51  Zealot  
  89  8:00  Zealot x4  
  97  8:05  Zealot x2  
  97  8:09  Assimilator  
  97  8:10  Immortal  
  97  8:11  Zealot  
  103  8:15  Zealot  
  103  8:18  Nexus  
  109  8:21  Zealot x2  
  113  8:32  Zealot x4  
  119  8:44  Zealot x4  
  119  8:47  Observer  
  115  8:56  Zealot x3  
  115  8:57  Zealot x2  
  106  9:06  Zealot x4  
  97  9:18  Zealot x4  
  93  9:26  Zealot  
  83  9:35  Gateway  
  83  9:37  Gateway  
  77  9:42  Zealot  
  75  10:01  Probe  
  75  10:02  Probe  
  77  10:08  Pylon  
  64  10:15  Probe  
  64  10:16  Probe x2  
  64  10:18  Pylon  
  64  10:20  Pylon  
  67  10:22  Pylon  
  67  10:26  Photon Cannon  
  67  10:27  Cybernetics Core, Probe  
  68  10:28  Pylon  
  68  10:30  Pylon  
  68  10:34  Pylon  
  68  10:37  Pylon  
  68  10:39  Probe  
  68  10:40  Pylon  
  69  10:45  Gateway  
  69  10:47  Gateway  
  69  10:50  Pylon  
  69  10:52  Zealot x3  
  69  10:53  Zealot x4  
  69  10:54  Gateway  
  77  10:59  Pylon  
  73  11:06  Zealot x2  
Tags
 
Add a new tag
Caveats
  • Supply blocks, unpowered buildings, or Contaminate may cause inaccurate times.
  • Supply counts are checked every 10 seconds.